 Dungeon Crawl Stone Soup version 0.29.0-4-gdea44cf6ec (webtiles) character file.

Game seed: 18345749402900467133

110 qw the Chopper (level 4, -10/26 HPs)
             Began as a Tengu Warper on Aug 28, 2022.
             Killed from afar by a white imp (11 damage)
             ... with a puff of frost
             ... summoned by Natasha
             ... on level 2 of the Dungeon.
             The game lasted 00:00:11 (2237 turns).

qw the Chopper (Tengu Warper)                       Turns: 2237, Time: 00:00:12

Health: -10/26     AC:  0    Str: 13    XL:     4   Next: 91%
Magic:  8/8        EV: 14    Int: 13    God:
Gold:   15         SH:  0    Dex: 14    Spells: 7/7 levels left

rFire   . . .      SeeInvis .   (weapon currently unavailable)
rCold   . . .      Faith    .   (shield currently unavailable)
rNeg    . . .      Spirit   .   (body armour currently unavailable)
rPois   .          Reflect  .   (helmet currently unavailable)
rElec   .          Harm     .   (cloak currently unavailable)
rCorr   .          Rampage  .   (gloves currently unavailable)
Will    .....                   (boots unavailable)
Stlth   +.........              (no amulet)
HPRegen 0.08/turn               (ring currently unavailable)
MPRegen 0.11/turn               (ring currently unavailable)

@: pig-form (expiring), very quick
A: fast, no casting, small, (beak), (talons 3)
a: no special abilities


You were on level 2 of the Dungeon.
You were a filthy swine.
You visited 1 branch of the dungeon, and saw 2 of its levels.

You collected 90 gold pieces.
You spent 75 gold pieces at shops.


Innate Abilities, Weirdness & Mutations

You are a filthy swine.
You move quickly.
Your equipment is almost entirely melded.
You are incapable of wielding weapons or throwing items.
You cannot cast spells.
((You have a beak for a mouth.))
((You have claws for feet.))


   Skills:
 - Level 2.0 Fighting
 + Level 5.4 Axes
 - Level 1.0 Throwing
 - Level 1.1 Armour
 - Level 2.1 Dodging
 - Level 2.0 Spellcasting
 - Level 2.4 Translocations


You had 7 spell levels left.
You didn't know any spells.
Your spell library contained the following spells:

 Spells                   Type           Power      Damage    Failure   Level
 Blink                    Tloc           14%        N/A       14%         2
 Gell's Gravitas          Tloc           7%         N/A       28%         3
 Lesser Beckoning         Tloc           7%         N/A       28%         3
 Teleport Other           Tloc           7%         N/A       28%         3
 Manifold Assault         Tloc           7%         N/A       95%         5

Inventory:

Hand Weapons
 f - a +0 whip
 Y - a +1 hand axe (melded)
Armour
 b - a +0 chain mail
 e - a +1 pair of gloves (melded)
 i - a +0 scale mail (melded)
Scrolls
 a - a scroll of immolation {unknown}
 c - a scroll of silence {unknown}
Potions
 d - a potion of degeneration {unknown}
 g - a potion of magic {unknown}
 h - a potion of haste {unknown}
 j - a potion of resistance {unknown}

Dungeon Overview and Level Annotations

Branches:
Dungeon (2/15)

Altars:

Shops:
D:2 *

Annotations:
D:2 Natasha


Message History

Natasha barely misses you. The white imp misses you.
You closely miss Natasha. Your kick misses Natasha.
Natasha is heavily wounded.
You hit the white imp but do no damage. Natasha completely misses you.
The white imp hits you but does no damage.
Natasha zaps a wand.
You turn into a filthy swine.
Your +1 hand axe melds into your body.
Your +1 pair of gloves melds into your body.
Your +0 scale mail melds into your body.
You hit Natasha but do no damage.
Natasha is heavily wounded.
The white imp closely misses you.
You hit Natasha but do no damage.
Natasha is heavily wounded.
Natasha casts a spell at you. You resist with some effort.
The white imp closely misses you.
You barely miss Natasha.
Natasha is heavily wounded.
Natasha casts a spell at you. The magic dart hits you.
You hit Natasha but do no damage.
Natasha is heavily wounded.
The white imp shouts, "Get thee gone, thou odious pigeon-toed surfacer!"
The white imp hits you. The white imp freezes you. Natasha misses you.
You barely miss Natasha.
Natasha is heavily wounded.
The white imp closely misses you. Natasha misses you.
You hit Natasha.
Natasha is heavily wounded.
Your transformation is almost over.
The white imp hits you. The white imp freezes you. Natasha claws you.
You barely miss Natasha.
Natasha is heavily wounded.
The white imp misses you. Natasha claws you.
You closely miss Natasha.
Natasha is heavily wounded.
The white imp gestures at you. The puff of frost hits you!
You die...

####..###.#
##'###.##.##.# #...##.#
#.# #.......# #.#.##.#
###.######.#### #.#.##.#
#..........#
#.#.##.######....#######
#......#..........#
###.####.####....##
#.####.####...##
#......5hh5...#
######.#####..# #.# #..#
#.#####..# #........#
########.# #.# ###
####.#####.##
#######...........####


You could see Natasha, a white imp (summoned) and a shadow imp (summoned).

Vanquished Creatures
  Natasha (twice) (D:2)
  2 adders (D:2)
  2 bats (D:1)
  2 endoplasms (D:2)
  3 giant cockroaches (D:1)
  A hobgoblin (D:2)
  7 jackals (D:1)
  3 quokkas
  4 ball pythons (D:1)
  2 frilled lizards (D:1)
  7 goblins
  4 kobolds
  A rat (D:2)
40 creatures vanquished.

Notes
Turn   | Place    | Note
-------+----------+-------------------------------------------
     0 | D:1      | qw the Tengu Warper began the quest for the Orb.
     0 | D:1      | Reached XP level 1. HP: 12/12 MP: 4/4
     0 | D:1      | 0 ||| qw: Version: 0.1-a-89-g26bdef1
     0 | D:1      | 0 ||| qw: Game counter: 12
     0 | D:1      | 0 ||| qw: Always use a shield: true
     0 | D:1      | 0 ||| qw: God list: Okawaru
     0 | D:1      | 0 ||| qw: Allow faded altars: false
     0 | D:1      | 0 ||| qw: Do Orc after D:15 true
     0 | D:1      | 0 ||| qw: Do second Lair branch before Depths: true
     0 | D:1      | 0 ||| qw: Lair rune preference: random
     0 | D:1      | 0 ||| qw: Plans: Normal
     0 | D:1      | 0 ||| PLANNING D:1-11
    61 | D:1      | 61 ||| Stepping ~*~*~tactically~*~*~ (stealth).
   144 | D:1      | Reached skill level 3 in Axes
   144 | D:1      | Reached XP level 2. HP: 17/17 MP: 6/6
   567 | D:1      | 567 ||| Stepping ~*~*~tactically~*~*~ (stealth).
   608 | D:1      | 608 ||| Stepping ~*~*~tactically~*~*~ (stealth).
   657 | D:1      | 657 ||| Stepping ~*~*~tactically~*~*~ (stealth).
   658 | D:1      | 658 ||| Stepping ~*~*~tactically~*~*~ (stealth).
   660 | D:1      | 660 ||| Stepping ~*~*~tactically~*~*~ (stealth).
   665 | D:1      | 665 ||| Stepping ~*~*~tactically~*~*~ (stealth).
   679 | D:1      | Reached XP level 3. HP: 13/21 MP: 7/7
   738 | D:1      | 738 ||| Stepping ~*~*~tactically~*~*~ (stealth).
   740 | D:1      | 740 ||| Stepping ~*~*~tactically~*~*~ (stealth).
   741 | D:1      | 741 ||| Stepping ~*~*~tactically~*~*~ (stealth).
   744 | D:1      | 744 ||| Stepping ~*~*~tactically~*~*~ (stealth).
   749 | D:1      | 749 ||| Stepping ~*~*~tactically~*~*~ (stealth).
   756 | D:1      | 756 ||| Stepping ~*~*~tactically~*~*~ (stealth).
   760 | D:1      | 760 ||| Stepping ~*~*~tactically~*~*~ (stealth).
   765 | D:1      | 765 ||| Stepping ~*~*~tactically~*~*~ (stealth).
   796 | D:1      | 796 ||| Stepping ~*~*~tactically~*~*~ (stealth).
   950 | D:1      | 950 ||| UPGRADING to +0 pair of gloves.
   955 | D:1      | 955 ||| UPGRADING to +0 scale mail.
   965 | D:1      | 965 ||| DROPPING +0 leather armour.
   966 | D:1      | 966 ||| READING scroll labelled MEOL ZEUSE.
   967 | D:1      | 967 ||| READING scroll labelled LISARUSHOZA.
   968 | D:1      | 968 ||| DROPPING scroll of blinking.
  1124 | D:2      | Reached skill level 4 in Axes
  1234 | D:2      | Found a faded altar of an unknown god.
  1258 | D:2      | 1258 ||| Stepping ~*~*~tactically~*~*~ (stealth).
  1260 | D:2      | 1260 ||| Stepping ~*~*~tactically~*~*~ (stealth).
  1268 | D:2      | 1268 ||| Stepping ~*~*~tactically~*~*~ (stealth).
  1362 | D:2      | Identified the +8 sling "Oddof" {freeze, rN+}
  1531 | D:2      | Noticed Natasha
  1537 | D:2      | Killed Natasha
  1538 | D:2      | Reached XP level 4. HP: 9/26 MP: 8/8
  1752 | D:2      | Found Weclimn's General Store.
  1761 | D:2      | 1761 ||| SHOPLISTING +3 flail of protection (212 gold, have
                  | 90).
  1761 | D:2      | 1761 ||| BUYING scroll of enchant armour (75 gold).
  1761 | D:2      | Bought a scroll of enchant armour for 75 gold pieces
  1761 | D:2      | 1761 ||| SHOPLISTING scroll of identify (20 gold, have 15).
  1761 | D:2      | 1761 ||| SHOPLISTING scroll of teleportation (30 gold, have
                  | 15).
  1761 | D:2      | 1761 ||| READING scroll of enchant armour.
  1761 | D:2      | 1761 ||| ENCHANTING +0 pair of gloves.
  1894 | D:2      | Noticed Natasha
  1895 | D:2      | 1895 ||| Stepping ~*~*~tactically~*~*~ (hiding).
  1899 | D:2      | Killed Natasha
  1900 | D:2      | Reached skill level 5 in Axes
  2217 | D:2      | Noticed Natasha
  2235 | D:2      | HP: 6/26 [white imp[Natasha] (4)]
  2236 | D:2      | HP: 1/26 [Natasha (2)]
  2237 | D:2      | Killed from afar by a white imp

Levels and vault maps discovered:
D:1:      dpeg_arrival_more_subterranean_lakeside_camping, layout_loops_ring,
          hangedman_decor_growths
D:2:      layout_loops_corners, hellmonk_ecumenical_altar_lost_god,
          serial_shops, shop_fountains, uniq_natasha

Skill      XL: |  1  2  3  4 |
---------------+-------------+-----
Axes           | 3 4 5 |  5.4
Fighting       | |  2.0
Throwing       | |  1.0
Armour         | |  1.1
Dodging        | |  2.1
Spellcasting   | |  2.0
Translocations | |  2.4

Action                   |  1- 3 |  4- 6 || total
-------------------------+-------+-------++-------
Melee: Hand axe          |    80 |    21 ||   101
       Kick              |    15 |     6 ||    21
       Peck              |     9 |     1 ||    10
       Punch             |     1 |       ||     1
       Unarmed           |       |     8 ||     8
Throw: Boomerang         |     7 |       ||     7
  Use: Scroll            |     2 |     1 ||     3
 Stab: Distracted        |     1 |       ||     1
Armor: Leather armour    |    12 |       ||    12
       Scale mail        |    10 |     6 ||    16
Dodge: Dodged            |    47 |    16 ||    63

Table legend:
 A = Non-vault XP
 B = Vault XP
 C = Vault XP percentage of total XP
 D = Non-vault monster count
 E = Vault monster count
 F = Vault count percentage of total count
                 A         B        C        D         E       F
            +---------+---------+-------+---------+---------+-------
      Total |     121 |      37 |  23.4 |      39 |       1 |   2.5
            +---------+---------+-------+---------+---------+-------
        D:1 |      42 |       0 |   0.0 |      26 |       0 |   0.0
        D:2 |      79 |      37 |  31.9 |      13 |       1 |   7.1
            +---------+---------+-------+---------+---------+-------
